Map: Oxide LE

Players

Rogue - Winner!

  • Race: Zerg Zerg
  • Spawn Location: 1:00

ByuN

  • Race: Terran Terran
  • League: Master
  • Spawn Location: 7:00

VOD

Have the link to the VOD?

Description

Time

  • Played on: Jan. 13, 2021, 8:36 a.m.
  • Length: 11:27
Show
View Real Time Build Order
Export as new Build Order

Rogue Zerg - Winner!

Build Orders: Hatch First 

Get SALT Encoding   

  12  0:00  Drone  
  13  0:12  Overlord  
  13  0:17  Drone  
  14  0:31  Drone x2  
  16  0:48  Hatchery  
  15  0:51  Drone  
  15  0:54  Drone  
  17  0:57  Drone  
  18  1:08  Extractor  
  17  1:13  Spawning Pool  
  17  1:15  Drone  
  17  1:19  Drone  
  18  1:28  Drone  
  19  1:38  Drone  
  20  1:50  Drone  
  21  1:59  Queen x2  
  21  2:00  Zergling x4  
  27  2:13  Hatchery  
  26  2:18  Overlord  
  26  2:19  Drone  
  26  2:22  Drone  
  28  2:36  Drone x3  
  31  2:38  Queen  
  31  2:43  Drone  
  31  2:44  Drone  
  35  2:53  Overlord  
  35  2:57  Metabolic Boost  
  35  2:58  Drone  
  36  3:12  Drone x5  
  41  3:14  Queen  
  41  3:19  Drone  
  44  3:26  Queen  
  45  3:32  Overlord  
  45  3:33  Drone x3  
  48  3:42  Overlord, Drone  
  49  3:49  Queen  
  49  3:52  Queen  
  49  3:53  Zergling x4  
  49  3:54  Zergling x4  
  57  3:58  Overlord  
  57  4:02  Overlord  
  57  4:04  Drone x4  
  57  4:08  Spore Crawler  
  57  4:09  Overlord  
  60  4:16  Overlord  
  60  4:18  Drone x4  
  60  4:20  Overlord  
  60  4:23  Zergling x2  
  60  4:24  Zergling x2  
  65  4:31  Extractor  
  64  4:32  Overlord  
  64  4:35  Drone x3  
  64  4:37  Drone  
  68  4:39  Spore Crawler  
  68  4:40  Lair  
  68  4:42  Drone  
  68  4:43  Drone  
  68  4:45  Drone x2  
  71  4:46  Drone  
  71  4:48  Drone  
  71  4:52  Evolution Chamber  
  72  4:53  Evolution Chamber  
  72  4:54  Drone  
  72  4:55  Drone  
  72  4:58  Drone  
  72  4:59  Drone  
  75  5:00  Drone  
  75  5:02  Drone  
  75  5:03  Drone  
  75  5:05  Drone x3  
  75  5:06  Extractor  
  80  5:07  Extractor  
  80  5:10  Drone  
  80  5:14  Overlord  
  80  5:16  Spore Crawler, Drone  
  80  5:21  Drone x4  
  81  5:23  Extractor  
  81  5:24  Extractor  
  81  5:26  Roach Warren, Drone  
  82  5:35  Drone x5  
  83  5:36  Drone  
  83  5:40  Overlord  
  83  5:42  Zerg Ground Armor Level 1, Zerg Missile Weapons Level 1  
  85  5:44  Overseer  
  85  5:48  Overlord  
  85  5:55  Overlord  
  85  6:06  Glial Reconstitution  
  85  6:08  Roach x9  
  85  6:10  Overseer  
  103  6:14  Hatchery  
  102  6:22  Roach x5  
  102  6:24  Roach  
  114  6:30  Roach x4  
  114  6:32  Overlord  
  122  6:37  Overlord  
  122  6:42  Roach  
  122  6:44  Roach x2  
  127  6:50  Overlord x3, Roach x2  
  127  6:54  Overlord  
  129  6:55  Ravager  
  129  6:56  Ravager x5  
  129  6:58  Roach  
  129  7:01  Roach x3  
  143  7:04  Overlord  
  143  7:12  Roach x4  
  143  7:13  Roach  
  145  7:21  Overseer  
  145  7:22  Roach x2  
  134  7:23  Roach  
  134  7:26  Roach x4  
  134  7:27  Roach x3  
  148  7:31  Ravager  
  148  7:32  Roach x2  
  148  7:34  Roach  
  148  7:35  Zergling x2  
  148  7:36  Zergling x2  
  157  7:40  Ravager  
  157  7:43  Zergling x4  
  160  7:45  Ravager  
  160  7:47  Roach  
  160  7:48  Roach x2  
  160  7:49  Roach  
  169  7:55  Roach  
  169  7:58  Roach  
  173  8:04  Roach x5  
  170  8:07  Roach x3  
  170  8:12  Roach  
  162  8:13  Roach x2  
  162  8:17  Roach  
  162  8:18  Roach  
  162  8:19  Roach  
  166  8:21  Roach x3  
  166  8:24  Roach  
  166  8:25  Roach  
  165  8:30  Roach x5  
  165  8:33  Roach  
  165  8:34  Roach  
  156  8:35  Roach x2  
  156  8:37  Roach  
  156  8:42  Drone  
  156  8:43  Drone x3  
  156  8:46  Roach  
  160  8:51  Drone x4  
  164  8:56  Extractor  
  164  8:58  Zergling x8  
  164  8:59  Ravager x4  
  164  9:01  Overlord, Ravager  
  172  9:05  Ravager  
  172  9:06  Zergling x6  
  172  9:07  Overlord  
  176  9:15  Overlord  
  170  9:25  Zergling x2  
  170  9:26  Zergling x20  
  170  9:29  Overseer  
  181  9:32  Overlord, Spore Crawler  
  181  9:36  Roach x3  
  181  9:38  Roach  
  188  9:42  Pneumatized Carapace  
  188  9:47  Roach x3  
  188  9:49  Roach  
  188  9:51  Roach  
  197  9:54  Extractor, Roach x2  
  200  10:13  Zergling x2  
  160  10:21  Roach  
  160  10:22  Roach x17  
  160  10:27  Roach x2  
  200  10:35  Roach x8  
  174  10:45  Roach x6  
  186  10:50  Ravager x3  
  186  10:52  Overlord  
  186  10:53  Ravager  
  186  10:54  Zergling x4  
  186  10:56  Overlord  
  192  10:58  Overlord  
  192  11:02  Overlord  
Show
View Real Time Build Order
Export as new Build Order

ByuN Terran 

Build Orders:  

Get SALT Encoding   

  12  0:00  SCV  
  13  0:12  SCV  
  14  0:16  Supply Depot  
  14  0:24  SCV  
  15  0:38  SCV  
  15  0:39  Barracks  
  15  0:42  Refinery  
  16  0:50  SCV  
  17  1:02  SCV  
  18  1:14  SCV  
  19  1:26  Orbital Command, Marine  
  20  1:37  Command Center  
  20  1:49  Factory  
  20  1:53  SCV  
  21  2:00  Refinery  
  21  2:02  Barracks Reactor  
  21  2:05  SCV  
  22  2:10  Supply Depot  
  22  2:18  SCV  
  23  2:32  SCV  
  23  2:34  Hellion, Starport  
  26  2:37  Marine  
  26  2:38  Marine  
  28  2:44  SCV  
  28  2:50  Orbital Command  
  29  2:55  Hellion  
  29  2:58  SCV  
  32  3:01  Marine  
  32  3:03  Marine  
  34  3:09  Medivac  
  37  3:17  Hellion  
  37  3:18  SCV x2  
  40  3:20  Marine  
  40  3:22  Marine  
  42  3:31  Supply Depot  
  42  3:32  SCV x2  
  44  3:39  Supply Depot  
  44  3:44  SCV x2, Starport Tech Lab  
  46  3:52  Marine x2  
  46  3:54  Supply Depot  
  48  3:56  SCV x2  
  50  4:06  Command Center  
  50  4:08  SCV  
  51  4:11  Raven  
  51  4:14  SCV  
  54  4:18  Marine x2  
  54  4:21  SCV  
  57  4:26  SCV  
  58  4:32  Factory Tech Lab  
  58  4:33  SCV  
  59  4:39  SCV  
  59  4:43  Engineering Bay x2  
  59  4:45  Supply Depot, SCV  
  61  4:49  Barracks  
  61  4:52  Barracks  
  62  4:58  Factory Reactor  
  62  4:59  SCV  
  63  5:00  SCV  
  63  5:03  Starport Reactor, Stimpack, Marine  
  64  5:08  Refinery  
  64  5:09  Refinery  
  64  5:12  Terran Infantry Armor Level 1, Terran Infantry Weapons Level 1, SCV x2  
  66  5:20  Marine  
  68  5:23  Orbital Command  
  68  5:24  SCV x2  
  69  5:36  SCV x2  
  71  5:43  Barracks, Marine x3  
  71  5:44  Barracks  
  71  5:49  Siege Tank, Marine x2  
  77  5:51  Medivac x2, Orbital Command  
  83  5:57  Armory  
  83  5:59  SCV x2  
  85  6:05  Supply Depot  
  85  6:08  Marine x2  
  85  6:09  Marine x3  
  90  6:13  SCV  
  90  6:14  SCV  
  90  6:17  SCV  
  93  6:26  SCV x2, Marine x3  
  93  6:27  Marine x2  
  93  6:29  SCV  
  101  6:33  Supply Depot x2  
  101  6:36  Marine x2  
  106  6:40  Siege Tank  
  106  6:41  Medivac  
  106  6:42  Combat Shield  
  106  6:44  Marine  
  109  6:50  SCV x2  
  109  6:54  SCV, Marine x3  
  109  6:55  Supply Depot  
  109  6:56  Barracks Reactor x2, Supply Depot  
  113  7:03  SCV x2  
  113  7:06  SCV  
  116  7:11  Terran Infantry Armor Level 2, Terran Infantry Weapons Level 2  
  116  7:15  SCV  
  111  7:18  SCV x2  
  111  7:20  Marine x2  
  111  7:21  Siege Tank, Marine x2  
  107  7:23  Marine  
  105  7:31  Medivac, Bunker  
  105  7:34  Bunker, Marine x4  
  110  7:38  Marine x2  
  110  7:39  Marine x2  
  110  7:41  Marine  
  110  7:43  Refinery x2  
  115  7:48  SCV x3  
  117  7:52  Supply Depot, Terran Vehicle Weapons Level 1, Marine  
  117  7:53  Supply Depot, Marine x2  
  117  7:54  Marine  
  118  8:01  Siege Tank, Marine  
  118  8:03  SCV x2  
  107  8:05  SCV  
  107  8:08  Marine  
  107  8:09  Marine  
  107  8:12  Marine  
  94  8:15  SCV x2  
  94  8:16  Marine  
  94  8:17  Marine  
  94  8:18  SCV, Marine  
  94  8:21  Marine  
  94  8:22  Marine x2  
  94  8:26  Marine x2  
  94  8:29  Marine  
  86  8:34  Marine x2  
  86  8:36  Orbital Command, Marine  
  86  8:38  Marine  
  86  8:39  Siege Tank  
  86  8:40  Marine x2  
  94  8:46  SCV x2  
  93  8:53  Marine x5  
  93  8:54  Marine  
  97  8:56  Marine  
  97  8:58  Marine x2  
  97  9:00  SCV x2  
  102  9:12  Siege Tank  
  102  9:15  Marine x7  
  102  9:16  Marine  
  104  9:26  SCV  
  104  9:28  Orbital Command, SCV  
  104  9:30  Marine  
  104  9:33  Marine x6  
  104  9:34  Marine x2  
  104  9:38  SCV  
  113  9:40  SCV  
  113  9:45  Siege Tank  
  117  9:48  Marine  
  117  9:50  SCV  
  117  9:51  Marine x6  
  117  9:52  Marine x2  
  126  10:06  Marine  
  127  10:08  Marine  
  127  10:09  Marine x2  
  127  10:11  Marine x2  
  127  10:12  Marine  
  131  10:16  Marine  
  131  10:18  Marine  
  111  10:23  Marine  
  111  10:24  Siege Tank  
  111  10:26  Marine x2  
  111  10:27  Marine  
  113  10:29  Orbital Command  
  113  10:33  SCV x2  
  96  10:36  Marine x2  
  77  10:43  Marine  
  77  10:44  Marine  
  77  10:45  SCV x2, Marine  
  77  10:48  Marine  
  80  10:53  Marine x2  
  80  10:56  Marine  
  83  10:57  SCV x2  
  83  11:00  SCV  
  83  11:01  Marine  
  83  11:02  Marine  
  83  11:04  Marine  
Tags
 
League
Master
Matchup
TvZ
Player
ByuNRogue
Spawn Locations
Cross Positions
Add a new tag
Caveats
  • Supply blocks, unpowered buildings, or Contaminate may cause inaccurate times.
  • Supply counts are checked every 10 seconds.